 Dungeon Crawl Stone Soup version 0.27.0-66-gdc8fb28755 (webtiles) character file.

Game seed: 17504236365279777160

169904 robertstho the Eclecticist (level 18, -2/132 HPs)
             Began as a Djinni Fire Elementalist on Aug 20, 2021.
             Was an Initiate of Gozag.
             Killed from afar by a deep elf sorcerer (42 damage)
             ... with damnation
             ... on level 2 of the Elven Halls.
             The game lasted 01:14:12 (27952 turns).

robertstho the Eclecticist (DjFE)                  Turns: 27952, Time: 01:14:13

Health: -2/132     AC: 15    Str: 21    XL:     18   Next: 61%
Gold:   2409       EV: 13    Int: 30    God:    Gozag SH: 15 Dex: 16

rFire    + + +     SeeInvis +   a - +7 war axe "Bonelicwos" {flame, rN+ Will- Str+3 SInv}
rCold    x . .     Faith    .   v - +0 kite shield
rNeg     + + .     Spirit   .   W - +5 leather armour of the Known World {Contam rN+ Int+7 Slay+5}
rPois    ∞         Reflect  +   s - +2 helmet
rElec    +         Harm     .   x - scarf {repulsion}
rCorr    +         Rampage  .   (no gloves)
Will     +....                  (boots unavailable)
Stlth    +++.......             J - amulet of reflection
HPRegen  0.32/turn              D - ring of Yffisom {rElec AC+4 Str+7}
MPRegen  0.00/turn              M - ring of the Messenger {rF+ Will+ rCorr Str+4 SInv}

@: gold aura, flying, studying Fighting, repel missiles
A: sickness immunity, fire resistance 2, cold vulnerability 1, float, innate
caster, hp casting, extra vitality 1
a: Renounce Religion, Potion Petition, Call Merchant, Bribe Branch


You were on level 2 of the Elven Halls.
You worshipped Gozag.
Gozag was most pleased with you.
You visited 4 branches of the dungeon, and saw 24 of its levels.
You also visited: Gauntlet and Ice Cave.

You collected 9342 gold pieces.
You spent 4253 gold pieces at shops.
You paid 2680 gold pieces to Gozag.

Inventory:

Hand Weapons
 a - the +7 war axe "Bonelicwos" (weapon) {flame, rN+ Will- Str+3 SInv}
   (You bought it in a shop on level 9 of the Dungeon)

   It burns those it strikes, dealing additional fire damage.
   Big, fiery blades are also staple armaments of hydra-hunters.
   Str:       It affects your strength (+3).
   rN:        It protects you from negative energy.
   SInv:      It lets you see invisible.
   Will:      It decreases your willpower.
 d - the +5 demon whip "Spellbinder" {antimagic, Will+}
   (You found it on level 10 of the Dungeon)

   It reduces the magical energy of the wielder, and disrupts the spells and
   magical abilities of those it strikes.
   Natural abilities and divine invocations are not affected.
   It unleashes wild and unpredictable magical effects upon striking a wizard or
   a creature with magical abilities.
   Will:      It increases your willpower.
 R - the +3 hand axe "Ofauddoj" {freeze, Will+ MP+9 SInv}
   (You found it in a Gauntlet)

   It freezes those it strikes, dealing additional cold damage.
   It can also slow down cold-blooded creatures.
   MP:        It affects your magic capacity (+9).
   SInv:      It lets you see invisible.
   Will:      It increases your willpower.
 U - the +9 trident of Fifof {speed, Fragile Will+ Stlth+}
   (You bought it in a shop on level 8 of the Dungeon)

   Attacks with this weapon are significantly faster.
   Fragile:   It will be destroyed if unequipped.
   Will:      It increases your willpower.
   Stlth:     It makes you more stealthy.
 V - the +3 quarterstaff of Reapportionment {venom, rPois Str+6}
   (You bought it in a shop on level 8 of the Dungeon)

   It poisons the flesh of those it strikes.
   Str:       It affects your strength (+6).
   rPois:     It protects you from poison.
Armour
 s - a +2 helmet (worn)
 v - a +0 kite shield (worn)
 x - a scarf of repulsion (worn)
 W - the +5 leather armour of the Known World (worn) {Contam rN+ Int+7 Slay+5}
   (You found it on level 12 of the Dungeon)

   Int:       It affects your intelligence (+7).
   Slay:      It affects your accuracy & damage with ranged weapons and melee
   (+5).
   rN:        It protects you from negative energy.
   Contam:    It causes magical contamination when unequipped.
Jewellery
 e - a +4 ring of evasion
 h - a +4 ring of protection
 q - a +6 ring of intelligence
 t - a ring of fire
 w - a ring of ice
 y - an amulet of regeneration
 D - the ring of Yffisom (left hand) {rElec AC+4 Str+7}
   (You bought it in a shop on level 2 of the Orcish Mines)

   [ring of protection]

   AC:        It affects your AC (+4).
   Str:       It affects your strength (+7).
   rElec:     It insulates you from electricity.
 F - an amulet of the acrobat
 H - a ring of ice
 J - an amulet of reflection (around neck)
 L - the ring of the Establishment {Fire rN+ Dex+3}
   (You found it in an ice cave)

   [ring of fire]

   It enhances your fire magic.
   Dex:       It affects your dexterity (+3).
   rF:        It protects you from fire.
   rC:        It makes you vulnerable to cold.
   rN:        It protects you from negative energy.
 M - the ring of the Messenger (right hand) {rF+ Will+ rCorr Str+4 SInv}
   (You bought it in a shop on level 2 of the Orcish Mines)

   [ring of willpower]

   Str:       It affects your strength (+4).
   rF:        It protects you from fire.
   SInv:      It lets you see invisible.
   rCorr:     It protects you from acid and corrosion.
   Will:      It increases your willpower.
 N - a ring of protection from fire
 O - the amulet of the Four Winds {rN+ Will+++ Clar}
   (You bought it in a shop on level 2 of the Orcish Mines)

   [amulet of nothing]

   rN:        It protects you from negative energy.
   Clar:      It protects you against confusion.
   Will:      It greatly increases your willpower.
 Q - the necklace of Bloodlust {*Rage +Rage Will++ Int-3 Slay+6}
   (You found it in a Gauntlet)

   [amulet of nothing]

   It extends the wearer's berserk rage when killing foes.
   Int:       It affects your intelligence (-3).
   Slay:      It affects your accuracy & damage with ranged weapons and melee
   (+6).
   +Rage:     It lets you go berserk.
   *Rage:     It may make you go berserk in combat.
   Will:      It greatly increases your willpower.
Wands
 l - a wand of digging (3)
 C - a wand of mindburst (20)
 T - a wand of iceblast (12)
Scrolls
 c - 12 scrolls of teleportation
 g - a scroll of fog
 m - 4 scrolls of immolation
 o - 3 scrolls of vulnerability
 p - 2 scrolls of summoning
 u - 2 scrolls of enchant armour
 z - 2 scrolls of silence
 E - a scroll of fear
 G - a scroll of identify
 Y - a scroll of enchant weapon {unknown}
 Z - a scroll of holy word {unknown}
Potions
 b - 4 potions of mutation
 f - 5 potions of attraction
 i - 2 potions of cancellation
 j - 2 potions of lignification
 k - 3 potions of berserk rage
 n - 4 potions of might {unknown}
 r - 2 potions of haste {unknown}
 A - a potion of resistance {unknown}
 B - 8 potions of ambrosia
 I - a potion of curing
 P - a potion of invisibility {unknown}
 S - a potion of brilliance {unknown}
Miscellaneous
 K - a tin of tremorstones (2/2)


   Skills:
 * Level 13.2 Fighting
 + Level 1.8 Axes
 + Level 3.2 Armour
 + Level 6.8 Dodging
 + Level 4.4 Stealth
 + Level 3.5 Shields
 * Level 20.4 Spellcasting
 + Level 1.6 Evocations


You had 10 spell levels left.
You knew the following spells:

 Your Spells              Type           Power      Damage    Failure   Level
a - Foxfire               Conj/Fire      100%       2x1d9     0%          1
b - Conjure Flame         Conj/Fire      100%       6-21      0%          3
c - Inner Flame           Hex/Fire       100%       N/A       0%          3
d - Sticky Flame          Conj/Fire      100%       2d11      0%          4
e - Fireball              Conj/Fire      50%        3d20      1%          5
f - Beastly Appendage     Tmut           100%       N/A       0%          1
g - Searing Ray           Conj           100%       3d7       0%          2
h - Blink                 Tloc           N/A        N/A       0%          2
i - Stone Arrow           Conj/Erth      100%       3d13      0%          3
j - Bolt of Magma         Conj/Fire/Erth 50%        4d20      1%          5
k - Metabolic Englaciati  Hex/Ice        50%        N/A       1%          5
l - Iron Shot             Conj/Erth      50%        9d10      1%          6
m - Spellforged Servitor  Conj/Summ      50%        N/A       1%          7
Your spell library was empty.

Dungeon Overview and Level Annotations

Branches:
Dungeon (14/15)            Temple (0/1) D:7            Lair (6/6) D:8
  Swamp (0/4) Lair:4        Snake (0/4) Lair:4        Slime (0/5) Lair:6
    Orc (2/2) D:12            Elf (2/3) Orc:2        Vaults (0/5) D:13
  IceCv (visited)         Gauntlet (visited)

Altars:
Cheibriados
Dithmenos
Gozag
Kikubaaqudgha
Uskayaw
Vehumet
Wu Jian
Xom
Jiyva

Shops:
D:8 [(   D:9 (   D:10 [   D:11 [   Orc:2 =(=*[[*(   Elf:1 *

Annotations:
Elf:2 3 runed translucent doors


Innate Abilities, Weirdness & Mutations

You are immune to sickness and miasma.
You are immune to poison.
Your flesh is very heat resistant. (rF++)
You are vulnerable to cold. (rC-)
You float through the air rather than walking.
You learn spells naturally, not from books.
Your magical power is your life essence.
You have superior vitality. (+4 HP)


Message History

Aiming: Bolt of Magma (safe; 1% risk of failure)
Press: ? - help, Shift-Dir - straight line, f - orc knight
Aim: an orc knight, wielding a +0 war axe and wearing a +0 plate armour (strong, slow, 76% to hit)
The bolt of magma hits the deep elf knight!!
The deep elf knight is heavily wounded.
The bolt of magma hits the deep elf knight!!!
The deep elf knight is almost dead.
The bolt of magma hits the deep elf sorcerer!!
The deep elf sorcerer is heavily wounded.
The bolt of magma hits the orc knight!!
The orc knight is heavily wounded.
The deep elf knight shouts!
The orc knight is distracted by your dazzling golden aura.
Unknown command.
The deep elf knight is no longer distracted by gold.
You block the deep elf knight's attack.
The deep elf sorcerer casts a spell.
The deep elf sorcerer seems to speed up.
The orc sorcerer casts a spell.
The orc knight shouts!
The deep elf knight points at you and mumbles some strange words.
The shard of ice reflects off an invisible shield around you!
The shard of ice hits the deep elf knight!!
You kill the deep elf knight!
Items here: ( )) [[.
Casting: Bolt of Magma (safe; 1% risk of failure)
Confirm with . or Enter, or press ? or * to list all spells.
You radiate an aura of cold.
The deep elf sorcerer seems to slow down.
The neqoxec seems to slow down.
* * * LOW HITPOINT WARNING * * *
The deep elf sorcerer is distracted by your dazzling golden aura.
The neqoxec gestures at you.
Something tries to feed on your intellect!
The deep elf sorcerer is no longer distracted by gold.
The deep elf knight is no longer moving slowly.
The deep elf sorcerer gestures at you while chanting.
The sphere of damnation explodes!
The damnation engulfs you!!!
You die...
Your body crumbles into a pile of gold.

#########.###.
##.....##.## #.
##.......'## #.
#...<.....# #.
###.........# #.
#...........# #.
#.#.......).# #.
#.########### #.
#@# #. #.# # #.
#.# .# #. #.# o.#
##' #)# ..# ##..
#e#######$..###...
#3e.e.o.e....#....
#.o....o$.8$.#....
#.......'....#....


You could see a deep elf sorcerer (fast, slow), a deep elf knight (fast), a
neqoxec (summoned, slow) and an orc sorcerer (strong).

Vanquished Creatures
  Saint Roka (Elf:2)
  Rupert (Lair:5)
  Asterion (Elf:2)
  Gastronok (D:11)
  Donald (Orc:2)
  2 frost giants (IceCv)
  The ghost of Mumum the Arsonist, a journeyman DrFE of Vehumet (Lair:5)
  A white draconian (IceCv)
  A minotaur (Gauntlet)
  An ettin (Orc:2)
  A deep elf death mage (Elf:1)
  A fire dragon (Lair:6)
  14 hydras
  An ice dragon (D:13)
  5 boulder beetles
  5 centaur warriors
  2 catoblepae
  6 ironbound frosthearts (IceCv)
  10 two-headed ogres
  Erica (Lair:2)
  2 orc high priests (Orc:2)
  Urug (Lair:2)
  5 death yaks (Lair:2)
  Sonja (Lair:5)
  16 deep elf knights
  A fire crab (D:12)
  4 skeletal warriors (D:13)
  15 deep elf archers
  2 lindwurms (Lair:6)
  7 orc knights
  3 necromancers (Elf:1)
  A wizard (D:12)
  An orange crystal statue (IceCv)
  8 deep elf pyromancers
  7 deep elf zephyrmancers
  An oklob plant (Lair:6)
  4 orc sorcerers
  5 cyclopes
  A worldbinder (Gauntlet)
  4 manticores
  12 ugly things
  2 large abominations (Elf:1)
  3 molten gargoyles (Lair:6)
  13 black mambas
  2 gargoyles (Gauntlet)
  2 unseen horrors
  Maggie (D:9)
  12 cane toads
  4 freezing wraiths
  3 efreet (D:14)
  15 rime drakes
  17 komodo dragons
  2 tengu conjurers (D:14)
  A yaktaur (D:12)
  4 meliai
  5 trolls
  20 polar bears
  A queen bee (Lair:4)
  A hornet (D:7)
  Prince Ribbit (Lair:2)
  13 blink frogs
  8 slime creatures
  23 dream sheep
  4 flying skulls (Gauntlet)
  A centaur simulacrum (D:10)
  An air elemental (Elf:2)
  3 shadows
  A yak (shapeshifter) (D:10)
  6 fire elementals
  A water elemental (Elf:1)
  8 wyverns
  2 vampire mosquitoes (D:12)
  69 yaks
  6 basilisks
  2 wraiths
  A hog (shapeshifter) (D:12)
  A basilisk (shapeshifter) (Elf:2)
  7 nagas (Lair:4)
  6 wargs
  11 water moccasins
  7 hell hounds
  5 black bears
  37 orc warriors
  A sky beast (D:6)
  8 ogres
  40 wolves
  4 boggarts
  5 centaurs
  2 phantoms
  An elf zombie (Elf:1)
  2 kobold brigands
  12 bullfrogs
  2 gnoll sergeants
  4 scorpions
  3 earth elementals (Elf:1)
  A wyvern skeleton (D:7)
  30 killer bees
  An electric eel (D:6)
  4 crimson imps (D:3)
  5 lava snakes (Lair:6)
  6 centaur zombies
  A bullfrog zombie (D:6)
  A bullfrog skeleton (D:5)
  A hound (D:7)
  A jelly (Gauntlet)
  14 orc priests
  2 centaur skeletons (D:6)
  Jessica (D:2)
  5 iguanas
  17 orc wizards
  Natasha (thrice) (D:3)
  6 hell rats (Lair:3)
  15 gnolls
  4 adders
  A howler monkey skeleton (D:4)
  2 ufetubi
  A worm (D:4)
  13 dart slugs
  49 orcs
  7 ball pythons
  5 endoplasms (D:1)
  5 giant cockroaches
  5 hobgoblins
  7 jackals (D:1)
  2 quokkas
  3 bats
  2 frilled lizards
  4 goblins
  12 kobolds
  8 rats
818 creatures vanquished.

Vanquished Creatures (collateral kills)
  An orc warlord (Orc:2)
  Azrael (Orc:2)
  An orc high priest (Orc:2)
  An orc knight (Orc:2)
  2 orc warriors (Orc:2)
  2 ogres (Orc:2)
  An orc (Orc:2)
9 creatures vanquished.

Vanquished Creatures (others)
  10 dancing weapons
  A rime drake (IceCv)
  A bush (Lair:6)
  29 demonic plants (Gauntlet)
  605 foxfires
  92 fungi
  68 plants
806 creatures vanquished.

Grand Total: 1633 creatures vanquished

Notes
Turn   | Place    | Note
-------+----------+-------------------------------------------
     0 | D:1      | robertstho the Djinni Fire Elementalist began the quest for
                  | the Orb.
     0 | D:1      | Reached XP level 1. HP: 15/15 MP: 0/0
   313 | D:1      | Reached XP level 2. HP: 14/21 MP: 0/0
   737 | D:1      | Reached XP level 3. HP: 17/25 MP: 0/0
   737 | D:1      | Learned a level 1 spell: Beastly Appendage
   738 | D:1      | Reached skill level 3 in Spellcasting
  1742 | D:2      | Noticed Jessica
  1763 | D:2      | Killed Jessica
  1764 | D:2      | Reached XP level 4. HP: 28/31 MP: 0/0
  1973 | D:2      | Reached skill level 1 in Fighting
  2216 | D:2      | Found a faded altar of an unknown god.
  2434 | D:2      | Reached XP level 5. HP: 28/37 MP: 0/0
  2434 | D:2      | Learned a level 2 spell: Searing Ray
  2621 | D:2      | Found an opulent altar of Gozag.
  2740 | D:2      | Became a worshipper of Gozag Ym Sagoz the Greedy
  2896 | D:3      | Noticed Natasha
  2900 | D:3      | Killed Natasha
  2920 | D:3      | Noticed Natasha
  2924 | D:3      | Killed Natasha
  2925 | D:3      | Reached skill level 4 in Spellcasting
  3013 | D:3      | Reached XP level 6. HP: 15/43 MP: 0/0
  3027 | D:3      | Noticed Natasha
  3031 | D:3      | Killed Natasha
  3267 | D:3      | Found a shimmering altar of Xom.
  3268 | D:3      | Found a shadowy altar of Dithmenos.
  3996 | D:3      | Reached XP level 7. HP: 41/49 MP: 0/0
  3996 | D:3      | Learned a level 2 spell: Blink
  4229 | D:4      | Reached skill level 5 in Spellcasting
  4416 | D:4      | You are sucked into a shaft and drop 1 floor!
  4416 | D:5      | Entered Level 5 of the Dungeon
  5122 | D:5      | Reached skill level 6 in Spellcasting
  5246 | D:5      | Reached XP level 8. HP: 48/55 MP: 0/0
  5778 | D:6      | Reached skill level 7 in Spellcasting
  6638 | D:6      | Reached XP level 9. HP: 35/61 MP: 0/0
  6638 | D:6      | Learned a level 3 spell: Stone Arrow
  6935 | D:7      | Found a staircase to the Ecumenical Temple.
  7049 | D:7      | Noticed a hornet
  7055 | D:7      | Killed a hornet
  7056 | D:7      | Reached skill level 8 in Spellcasting
  7843 | D:8      | Noticed a komodo dragon
  7846 | D:8      | Killed a komodo dragon
  7847 | D:8      | Reached skill level 9 in Spellcasting
  7847 | D:8      | Reached XP level 10. HP: 20/69 MP: 0/0
  8078 | D:8      | Reached skill level 1 in Axes
  8162 | D:8      | Found a staircase to the Lair.
  8720 | D:9      | Noticed Maggie
  8728 | D:9      | Reached skill level 10 in Spellcasting
  9009 | D:9      | Found a snail-covered altar of Cheibriados.
  9109 | D:9      | Killed Maggie
  9110 | D:9      | Reached skill level 5 in Fighting
  9159 | D:9      | Found an ornate altar of the Wu Jian Council.
  9160 | D:9      | Found a hide-covered altar of Uskayaw.
  9268 | D:9      | Reached XP level 11. HP: 55/75 MP: 0/0
  9268 | D:9      | Learned a level 5 spell: Bolt of Magma
  9277 | D:9      | Reached skill level 11 in Spellcasting
  9384 | D:9      | Bought a slimy war axe for 195 gold pieces
  9384 | D:9      | Identified the +7 war axe "Bonelicwos" {flame, rN+ Will-
                  | Str+3 SInv} (You bought it in a shop on level 9 of the
                  | Dungeon)
  9401 | D:10     | Entered Level 10 of the Dungeon
  9455 | D:10     | Noticed a cyclops
  9463 | D:10     | Killed a cyclops
  9534 | D:10     | Found the +5 demon whip "Spellbinder" {antimagic, Will+}
  9584 | D:10     | Noticed a centaur warrior
  9662 | D:10     | Noticed a two-headed ogre
  9676 | D:10     | Killed a centaur warrior
  9736 | D:10     | Noticed a manticore
  9740 | D:10     | Killed a manticore
  9741 | D:10     | Reached skill level 12 in Spellcasting
  9808 | D:10     | Reached skill level 5 in Dodging
  9831 | D:10     | Killed a two-headed ogre
  9847 | D:10     | Noticed a two-headed ogre
  9852 | D:10     | Killed a two-headed ogre
  9853 | D:10     | Reached XP level 12. HP: 66/83 MP: 0/0
  9897 | D:10     | Found Illakkoigg's Antique Armour Shoppe.
  9904 | D:10     | Bought a runed helmet for 202 gold pieces
 10168 | D:11     | Noticed Gastronok
 10180 | D:11     | Killed Gastronok
 10181 | D:11     | Reached skill level 1 in Evocations
 10255 | D:11     | Found Cotaeck's Antique Armour Shoppe.
 10263 | D:11     | Bought a brightly glowing leather armour for 147 gold
                  | pieces
 10263 | D:11     | Identified the +0 leather armour of the Flute {rPois rF-
                  | Str+4} (You bought it in a shop on level 11 of the Dungeon)
 10304 | D:11     | Noticed a two-headed ogre
 10307 | D:11     | Killed a two-headed ogre
 10447 | D:11     | Noticed a seven-headed hydra
 10452 | D:11     | Killed a seven-headed hydra
 10453 | D:11     | Reached skill level 13 in Spellcasting
 10794 | D:11     | Noticed a boulder beetle
 10800 | D:11     | Killed a boulder beetle
 10956 | Lair:1   | Entered Level 1 of the Lair of Beasts
 11103 | Lair:1   | Reached XP level 13. HP: 55/90 MP: 0/0
 11103 | Lair:1   | Learned a level 5 spell: Metabolic Englaciation
 11378 | Lair:1   | Reached skill level 1 in Shields
 11467 | Lair:1   | Reached skill level 14 in Spellcasting
 11749 | Lair:1   | Noticed a four-headed hydra
 11755 | Lair:1   | Killed a four-headed hydra
 12172 | Lair:2   | Noticed Urug
 12177 | Lair:2   | Killed Urug
 12179 | Lair:2   | Noticed Prince Ribbit
 12181 | Lair:2   | Killed Prince Ribbit
 12809 | Lair:2   | Noticed Erica
 12813 | Lair:2   | Killed Erica
 13379 | Lair:3   | Noticed a boulder beetle
 13388 | Lair:3   | Killed a boulder beetle
 13389 | Lair:3   | Reached skill level 15 in Spellcasting
 13389 | Lair:3   | Reached XP level 14. HP: 25/98 MP: 0/0
 14754 | Lair:4   | Found a staircase to the Swamp.
 14931 | Lair:4   | Found a staircase to the Snake Pit.
 15002 | Lair:4   | Reached skill level 16 in Spellcasting
 15728 | Lair:5   | Noticed Rupert
 15735 | Lair:5   | Killed Rupert
 15881 | Lair:5   | Found a runed translucent gate.
 15882 | Lair:5   | Found a runed translucent gate.
 15882 | Lair:5   | Noticed Mumum's ghost (journeyman DrFE)
 15883 | Lair:5   | Found a runed translucent gate.
 15919 | Lair:5   | Noticed Sonja
 15925 | Lair:5   | Killed Sonja
 15926 | Lair:5   | Reached XP level 15. HP: 50/104 MP: 0/0
 15926 | Lair:5   | Learned a level 6 spell: Iron Shot
 16678 | Lair:6   | Entered Level 6 of the Lair of Beasts
 16917 | Lair:6   | Found a gate leading to a gauntlet.
 16932 | Gauntlet | Entered a Gauntlet
 16932 | Gauntlet | Found a transporter.
 16932 | Gauntlet | Found a transporter.
 16933 | Gauntlet | Found a transporter.
 16935 | Gauntlet | Found a transporter.
 16936 | Gauntlet | Found a transporter.
 16938 | Gauntlet | Found a large runed translucent door.
 16939 | Gauntlet | Found a large runed translucent door.
 16940 | Gauntlet | Found a large runed translucent door.
 16940 | Gauntlet | Found a large runed translucent door.
 16940 | Gauntlet | Found a runed translucent door.
 16940 | Gauntlet | Found a runed translucent door.
 16941 | Gauntlet | Found a large runed translucent door.
 16942 | Gauntlet | Found a large runed translucent door.
 16942 | Gauntlet | Found a large runed translucent door.
 16942 | Gauntlet | Found a large runed translucent door.
 16943 | Gauntlet | Found a large runed translucent door.
 16944 | Gauntlet | Found a large runed translucent door.
 16948 | Gauntlet | Found a transporter.
 16954 | Gauntlet | Found a transporter.
 16955 | Gauntlet | Found a transporter.
 16955 | Gauntlet | Found a large runed translucent door.
 16956 | Gauntlet | Found a large runed translucent door.
 16956 | Gauntlet | Found a large runed translucent door.
 16956 | Gauntlet | Found a large runed translucent door.
 16957 | Gauntlet | Found a large runed translucent door.
 16958 | Gauntlet | Found a large runed translucent door.
 16967 | Gauntlet | Found a runed translucent gate.
 16967 | Gauntlet | Found a runed translucent gate.
 16967 | Gauntlet | Found a runed translucent gate.
 16969 | Gauntlet | Found a transporter.
 16977 | Gauntlet | Found a transporter.
 17050 | Gauntlet | Found a transporter.
 17069 | Gauntlet | Found a transporter.
 17080 | Gauntlet | Found the necklace of Bloodlust {*Rage +Rage Will++ Int-3
                  | Slay+6}
 17222 | Gauntlet | Reached skill level 17 in Spellcasting
 17236 | Gauntlet | Identified the +3 hand axe "Ofauddoj" {freeze, Will+ MP+9
                  | SInv}
 17292 | Gauntlet | Identified a scroll of acquirement
 17293 | Gauntlet | Acquired a manual of Fighting
 17780 | Lair:6   | Reached skill level 10 in Fighting
 17918 | Lair:6   | Found a large runed translucent door.
 17918 | Lair:6   | Found a large runed translucent door.
 18013 | Lair:6   | Identified the +2 flail of Oozing Pus {holy, rElec rF-
                  | Int+4}
 18446 | Lair:6   | Found a viscous altar of Jiyva.
 18446 | Lair:6   | Found a staircase to the Slime Pits.
 18726 | Lair:5   | Killed Mumum's ghost
 18932 | D:8      | Bought a shimmering trident for 246 gold pieces
 18932 | D:8      | Identified the +9 trident of Fifof {speed, Fragile Will+
                  | Stlth+} (You bought it in a shop on level 8 of the Dungeon)
 18932 | D:8      | Bought a dazzling quarterstaff for 261 gold pieces
 18932 | D:8      | Identified the +3 quarterstaff of Reapportionment {venom,
                  | rPois Str+6} (You bought it in a shop on level 8 of the
                  | Dungeon)
 18934 | D:8      | Bought a dull robe for 233 gold pieces
 18934 | D:8      | Identified the +1 robe "Qabuwic" {Harm *Corrode rF- rN+
                  | Str+10} (You bought it in a shop on level 8 of the Dungeon)
 19059 | D:12     | Reached XP level 16. HP: 109/114 MP: 0/0
 19376 | D:12     | Found a staircase to the Orcish Mines.
 19419 | D:12     | Identified the +5 leather armour of the Known World {Contam
                  | rN+ Int+7 Slay+5}
 19471 | D:12     | Reached skill level 18 in Spellcasting
 20198 | D:13     | Reached skill level 1 in Armour
 20395 | D:13     | Found a gate to the Vaults.
 20663 | D:14     | Found a frozen archway.
 20683 | IceCv    | Entered an ice cave
 21153 | IceCv    | Reached XP level 17. HP: 98/123 MP: 0/0
 21153 | IceCv    | Learned a level 7 spell: Spellforged Servitor
 21349 | IceCv    | Reached skill level 19 in Spellcasting
 21663 | IceCv    | Identified the ring of the Establishment {Fire rN+ Dex+3}
 22242 | D:14     | Found an opulent altar of Gozag.
 22389 | Orc:1    | Entered Level 1 of the Orcish Mines
 22576 | Orc:2    | Entered Level 2 of the Orcish Mines
 22576 | Orc:2    | Noticed Azrael
 22576 | Orc:2    | Noticed Donald
 23085 | Orc:2    | Found Soha's Armour Emporium.
 23085 | Orc:2    | Found a staircase to the Elven Halls.
 23147 | Orc:2    | Paralysed by an orc sorcerer for 7 turns
 23203 | Orc:2    | Killed Azrael
 23218 | Orc:2    | Found Giremime's Antique Armour Boutique.
 23409 | Orc:2    | Killed Donald
 23586 | Orc:2    | Found Fiqanel's General Store.
 23594 | Orc:2    | Bought a scroll of teleportation for 33 gold pieces
 23594 | Orc:2    | Found Qemm's Weapon Emporium.
 23661 | Orc:2    | Found Peok's Jewellery Shoppe.
 23780 | Orc:2    | Found Reli's Antique Weapon Shop.
 23810 | Orc:2    | Found Bixat's Jewellery Boutique.
 23818 | Orc:2    | Bought the ring of Yffisom {rElec AC+4 Str+7} for 970 gold
                  | pieces
 23818 | Orc:2    | Bought an amulet of reflection for 450 gold pieces
 23818 | Orc:2    | Bought the ring of the Messenger {rF+ Will+ rCorr Str+4
                  | SInv} for 858 gold pieces
 23818 | Orc:2    | Bought the amulet of the Four Winds {rN+ Will+++ Clar} for
                  | 658 gold pieces
 23818 | Orc:2    | Found the amulet of the Four Winds {rN+ Will+++ Clar}
 24029 | Orc:2    | Found Motyxtosch's CLEARANCE SALE! EVERYTHING MUST GO!.
 24107 | Elf:1    | Entered Level 1 of the Elven Halls
 25560 | Elf:1    | Reached XP level 18. HP: 101/131 MP: 0/0
 25995 | Elf:1    | Found Hyug's Assorted Antiques.
 26435 | Elf:2    | Noticed Asterion
 26441 | Elf:2    | Killed Asterion
 26581 | Elf:2    | Reached skill level 20 in Spellcasting
 26866 | Elf:2    | Noticed Saint Roka
 26877 | Elf:2    | Killed Saint Roka
 27798 | Elf:2    | Found a runed translucent gate.
 27799 | Elf:2    | Found a runed translucent gate.
 27799 | Elf:2    | Found a runed translucent gate.
 27952 | Elf:2    | Killed from afar by a deep elf sorcerer

Illustrated notes

Levels and vault maps discovered:
D:1:      psy_arrival_statuary, layout_rooms, serial_bayou_pond_b
D:2:      layout_loops_ring, chequers_ecumenical_altar_simple_redux,
          basic_altar, uniq_jessica
D:3:      layout_rooms, nicolae_dithmenos_through_a_glass_darkly, led_xom_imps,
          uniq_natasha
D:4:      layout_cave_pools, serial_shops, nicolae_shop_crystal
D:5:      kennysheep_slugbush, layout_basic
D:6:      layout_basic, water_maze_lemuel
D:7:      layout_basic, minmay_temple_entry_trees
D:8:      layout_loops_ring, due_lair_maze_entry_diamond
D:9:      layout_rooms, overflow_temple_1_default,
          mainiacjoe_overflow_catwalk_spiral, eat_drink_and_be_merry_uskayaw,
          uniq_maggie
D:10:     minmay_tri_box, layout_rooms, serial_shops,
          nicolae_shop_overgrown_old_shop
D:11:     layout_irregular_city, serial_shops, shop, uniq_gastronok
D:12:     minmay_the_grid_four_pointed_star
          [minmay_the_grid_triangle_9x9_pentomino_pain,
          minmay_the_grid_triangle_9x9_stretched_checkered,
          minmay_the_grid_triangle_9x9_flanged_cone,
          minmay_the_grid_triangle_9x9_sparse_checkered,
          minmay_the_grid_prize_four_corners], layout_basic
D:13:     layout_cross, david_vaults_4
D:14:     layout_small_grid, nicolae_gozag_cash_rules_everything_around_me,
          portal_ice_cave_entry_frozen_things
Lair:1:   layout_roguey, grunt_forest_large_clearings
Lair:2:   layout_cellular_growth, basic_altar, minmay_holes,
          uniq_prince_ribbit2, uniq_erica, uniq_urug
Lair:3:   nzn_winding_woodlands_small [nzn_winding_woodlands_5x15_crooked,
          nzn_winding_woodlands_center_diamonds,
          nzn_winding_woodlands_5x15_pool], layout_hall_layers
Lair:4:   layout_small_grid, minmay_swamp_entry_reptiles,
          minmay_snake_entry_guardpost_medium, special_room [special_room_bee],
          serial_bayou_shore_b, grunt_megastairs_5
Lair:5:   layout_regular_city, gammafunk_ghost_hydra_chop,
          infiniplex_staircase_pool_2, lemuel_fruit_tree, grunt_megastairs_1,
          uniq_sonja, uniq_rupert
Lair:6:   cheibrodos_lair_end_hotspot, layout_gridlike,
          dpeg_slime_entry_enclosed_altar, gauntlet_entry_generic,
          lemuel_old_faithful, serial_bayou_shore_b
Orc:1:    layout_caves
Orc:2:    grunt_orc_gardens, layout_caves, grunt_orc_garden, grunt_orc_garden,
          grunt_orc_garden, grunt_orc_garden, serial_shops,
          nicolae_shop_competitors_out_of_business, nicolae_diamond_shop, shop,
          nicolae_shop_clearance, uniq_azrael, uniq_donald
Elf:1:    layout_gridlike, serial_shops, shop, minmay_elf_necromancy
Elf:2:    nicolae_elf_blades_crystal_corner, layout_geoelf_diagonals,
          nicolae_elf_theology_debate, uniq_asterion, uniq_agnes,
          uniq_saint_roka

Skill      XL: |  1  2  3  4  5  6  7  8  9 10 11 12 13 14 15 16 17 18 |
---------------+-------------------------------------------------------+-----
Spellcasting   | 3 4 6 7 9 10 12 13 15 16 17 18 19 20 | 20.4
Fighting       | 1 2 3 4 5 6 7 8 10 11 12 13 | 13.2
Stealth        | 2 3 4 |  4.4
Dodging        | 3 4 5 6 |  6.8
Axes           | 1 |  1.8
Evocations     | 1 |  1.6
Shields        | 2 3 |  3.5
Armour         | 2 3 |  3.2

Action                   |  1- 3 |  4- 6 |  7- 9 | 10-12 | 13-15 | 16-18 || total
-------------------------+-------+-------+-------+-------+-------+-------++-------
Melee: Unarmed           |     2 |       |       |       |       |       ||     2
       Short sword       |       |     3 |       |       |       |       ||     3
       Hand axe          |       |       |     9 |       |       |       ||     9
       War axe           |       |       |       |     3 |     3 |     4 ||    10
 Cast: Foxfire           |    93 |   100 |   174 |       |       |       ||   367
       Sticky Flame      |       |     1 |    13 |    24 |    30 |     4 ||    72
       Conjure Flame     |       |     1 |       |     1 |       |       ||     2
       Searing Ray       |       |    11 |       |       |       |       ||    11
       Fireball          |       |       |    15 |   116 |   272 |   242 ||   645
       Bolt of Magma     |       |       |       |    51 |    77 |    32 ||   160
       Metabolic Englaci |       |       |       |       |    33 |    16 ||    49
       Iron Shot         |       |       |       |       |    84 |   190 ||   274
       Spellforged Servi |       |       |       |       |       |     5 ||     5
       Stone Arrow       |       |       |       |       |       |     2 ||     2
Invok: Call Merchant     |       |       |       |     1 |     2 |       ||     3
       Potion Petition   |       |       |       |       |     1 |     2 ||     3
Evoke: Wand              |       |       |       |     6 |       |    10 ||    16
  Use: Scroll            |       |       |     5 |     6 |     9 |    10 ||    30
       Potion            |       |       |       |     6 |     2 |     8 ||    16
 Stab: Sleeping          |       |       |     2 |       |       |       ||     2
Armor: Robe              |       |     2 |     6 |     1 |       |       ||     9
       Steam dragon scal |       |       |       |    19 |    17 |     2 ||    38
       Leather armour    |       |       |       |       |       |    10 ||    10
Dodge: Dodged            |     4 |    20 |    47 |    81 |    63 |    42 ||   257
       Repelled          |       |       |       |       |     2 |     6 ||     8
Block: Kite shield       |       |       |       |    17 |    44 |    34 ||    95
       Reflection        |       |       |       |       |       |    15 ||    15
